 Dungeon Crawl Stone Soup version 0.26-b1-32-g5d43845318 (webtiles) character file.

Game seed: 9268103339977964740

122 raceaflais the Ducker (level 4, -12/42 HPs)
             Began as a Deep Dwarf Monk on Jan 5, 2021.
             Was an Initiate of the Shining One.
             Killed from afar by a rime drake (31 damage)
             ... with a flash freeze
             ... created by the adversity of Qazlal
             ... on level 3 of the Dungeon.
             The game lasted 00:08:59 (1812 turns).

raceaflais the Ducker (Deep Dwarf Monk)             Turns: 1812, Time: 00:08:59

Health: -12/42     AC:  9    Str: 15 (16) XL:     4   Next: 78%
Magic:  4/4        EV: 13    Int:  9 (10) God:    the Shining One [......]
Gold:   161        SH:  5    Dex: 15      Spells: 3/3 levels left

rFire    . . .     SeeInvis .   g - +1 dagger (protect)
rCold    x x .     Faith    +   n - +2 buckler
rNeg     . . .     Spirit   .   b - +0 robe
rPois    .         Reflect  .   (no helmet)
rElec    .         Harm     .   (no cloak)
rCorr    .         Rampage  .   (no gloves)
Will     .....                  (no boots)
Stlth    +.........             v - amulet of faith
HPRegen  0.00/turn              (no ring)
MPRegen  0.09/turn              (no ring)

@: mighty, protection aura, attractive, non-regenerating, glowing
A: damage resistance, heal wounds, sense surroundings 1, [cold vulnerability 2],
no regeneration
a: Heal Wounds, Renounce Religion


You were on level 3 of the Dungeon.
You worshipped the Shining One.
The Shining One was noncommittal.
You visited 1 branch of the dungeon, and saw 3 of its levels.

You collected 161 gold pieces.

Inventory:

Hand Weapons
 a - a +0 hand axe
 g - a +1 dagger of protection (weapon)
 i - a cursed +0 whip
 t - a cursed -2 mace
 u - a cursed +0 falchion
Missiles
 d - 33 arrows
 m - 75 stones
 o - 18 bolts
 p - 14 sling bullets
 q - 2 throwing nets (quivered)
Armour
 b - a +0 robe (worn)
 f - a +0 ring mail
 l - a +0 pair of boots
 n - a +2 buckler (worn)
 r - a +0 cloak
 s - a +0 chain mail
Jewellery
 v - an amulet of faith (around neck)
 z - an uncursed ring of resist corrosion {unknown}
Scrolls
 y - a scroll of noise {unknown}
Potions
 c - 3 potions of heal wounds
 e - a potion of degeneration
 k - 2 potions of curing


   Skills:
 + Level 3.3 Fighting
 + Level 1.5 Short Blades
 + Level 3.8 Axes
 + Level 4.1 Dodging
 + Level 3.5 Stealth


You had 3 spell levels left.
You didn't know any spells.
Your spell library was empty.

Dungeon Overview and Level Annotations

Branches:
Dungeon (3/15)

Altars:
Okawaru
Qazlal
The Shining One


Innate Abilities, Weirdness & Mutations

You are resistant to damage.
You can heal yourself by infusing magical energy.
You passively map a small area around you.
You do not regenerate.
[You are very vulnerable to cold. (rC--)]


Message History

Jessica is moderately wounded.
Jessica hits you but does no damage.
You hit Jessica.
Jessica is almost dead.
Jessica hits you but does no damage.
You puncture Jessica!
You kill Jessica!
The Shining One accepts your kill. The ogre is pulled toward you!
You feel your dexterity returning.
Your Stealth skill increases to level 3!
You puncture the rime drake!
The rime drake is moderately wounded.
You block the rime drake's attack.
You hit the rime drake.
The rime drake is heavily wounded.
The rime drake breathes ice at you. The flash freeze hits you!!
You feel a painful chill!
Ouch! That really hurt!
You die...

##########################
...........Olk@...........
##################.######
, #.# * * ##†######.
#......... , #..######.* *
* #..###### #.......# *
,,* #.......#


You could see a basilisk, a rime drake (catching breath) and an ogre.

Vanquished Creatures
  Jessica (D:3)
  3 gnolls (D:3)
  2 adders
  2 dart slugs
  2 leopard geckos (D:1)
  5 giant cockroaches
  3 goblins
  4 hobgoblins
  9 kobolds
  2 quokkas (D:3)
  3 bats
  A frilled lizard (D:3)
  7 rats
44 creatures vanquished.

Notes
Turn   | Place    | Note
-------+----------+-------------------------------------------
     0 | D:1      | raceaflais the Deep Dwarf Monk began the quest for the Orb.
     0 | D:1      | Reached XP level 1. HP: 20/20 MP: 1/1
   313 | D:1      | Reached XP level 2. HP: 27/27 MP: 2/2
   859 | D:1      | Reached XP level 3. HP: 24/34 MP: 3/3
   992 | D:2      | Found an iron altar of Okawaru.
  1010 | D:2      | Became a worshipper of Warmaster Okawaru
  1010 | D:2      | Reached * piety under Okawaru
  1010 | D:2      | Reached ** piety under Okawaru
  1047 | D:2      | Found an iron altar of Okawaru.
  1047 | D:2      | Found a stormy altar of Qazlal.
  1047 | D:2      | Found a glowing golden altar of the Shining One.
  1060 | D:2      | Fell from the grace of Okawaru
  1060 | D:2      | Became a worshipper of Qazlal Stormbringer
  1064 | D:2      | Fell from the grace of Qazlal
  1064 | D:2      | Became a worshipper of Warmaster Okawaru
  1068 | D:2      | Fell from the grace of Okawaru
  1068 | D:2      | Became a worshipper of the Shining One
  1630 | D:3      | Reached skill level 1 in Short Blades
  1646 | D:3      | Reached XP level 4. HP: 26/42 MP: 4/4
  1647 | D:3      | Reached skill level 4 in Dodging
  1796 | D:3      | Noticed a rime drake
  1796 | D:3      | Noticed a basilisk
  1804 | D:3      | Noticed Jessica
  1806 | D:3      | Noticed an ogre
  1810 | D:3      | Killed Jessica
  1812 | D:3      | Killed from afar by a rime drake

Illustrated notes

Levels and vault maps discovered:
D:1:      dpeg_arrival_radiant, layout_basic
D:2:      layout_rooms, gammafunk_temple_overflow_claw, serial_aquarium,
          aquarium_bridge_straight [aquarium_subvault_bridge,
          aquarium_subvault_wall, aquarium_subvault_bridge,
          aquarium_subvault_wall], aquarium_window_corner, aquarium_window_1,
          aquarium_window_1, aquarium_window_2, aquarium_view_2d,
          aquarium_balcony_5b, okawaru_ov_weapons_minmay
D:3:      layout_basic, uniq_jessica

Skill      XL: |  1  2  3  4 |
---------------+-------------+-----
Fighting       | 3 |  3.3
Short Blades   | 1 |  1.5
Dodging        | 4 |  4.1
Stealth        | 3 |  3.5
Axes           | |  3.8

Action                   |  1- 3 |  4- 6 || total
-------------------------+-------+-------++-------
Melee: Hand axe          |    41 |       ||    41
       Dagger            |   110 |    35 ||   145
 Abil: Heal Wounds       |     1 |       ||     1
  Use: Scroll            |     5 |     3 ||     8
       Potion            |     3 |     5 ||     8
 Stab: Sleeping          |     1 |       ||     1
Armor: Robe              |    42 |     8 ||    50
Dodge: Dodged            |   136 |    17 ||   153
Block: Buckler           |       |     5 ||     5
